 Dungeon Crawl Stone Soup version 0.30-a0-949-g53dc5368d7 (webtiles) character file.

Game seed: 2725306424702730465

319 Jackthecabe the Grave Robber (level 6, -8/41 HPs)
             Began as a Mummy Necromancer on Mar 28, 2023.
             Mangled by a black bear (11 damage)
             ... on level 4 of the Dungeon.
             The game lasted 00:05:56 (3288 turns).

Jackthecabe the Grave Robber (Mummy Necromancer)    Turns: 3288, Time: 00:05:57

Health: -8/41      AC:  2    Str: 12    XL:     6   Next: 21%
Magic:  0/10       EV: 12    Int: 16    God:
Gold:   176        SH:  0    Dex: 12    Spells: 3/11 levels left

rFire   x . .      SeeInvis +    (no weapon)
rCold   + . .      Faith    +    (no shield)
rNeg    + + +      Spirit   .    a - +0 robe
rPois   ∞          Reflect  .    (no helmet)
rElec   .          Rampage  .    (no cloak)
rCorr   .                        (no gloves)
Will    .....                    (no boots)
Stlth   ++                       (no amulet)
HPRegen 0.26/turn                Z - ring of wizardry
MPRegen 0.12/turn                v - ring of see invisible

@: no status effects
A: cold resistance 1, negative energy resistance 3, torment resistance 2, heat
vulnerability 1, in touch with death 1, no potions, faith
a: no special abilities


You were on level 4 of the Dungeon.
You visited 1 branch of the dungeon, and saw 4 of its levels.

You collected 176 gold pieces.


Innate Abilities, Weirdness & Mutations

You are immune to poison.
Your flesh is cold resistant. (rC+)
You are immune to negative energy. (rN+++)
You are immune to unholy pain and torment.
You are vulnerable to heat. (rF-)
You are in touch with the powers of death.
You do not drink.
You have a special connection with the divine. (Faith)


   Skills:
 - Level 1.5 Dodging
 - Level 1.5 Stealth
 - Level 3.0 Spellcasting
 + Level 7.5 Necromancy


You had 3 spell levels left.
You knew the following spells:

 Your Spells              Type           Power      Damage    Failure   Level
a - Animate Dead          Necr           39%        N/A       3%          4
v - Vampiric Draining     Necr           39%        2d8       1%          3
X - Necrotise             Necr           100%       1d9       1%          1

Your spell library contained the following spells:

 Spells                   Type           Power      Damage    Failure   Level
 Blink                    Tloc           4%         N/A       12%         2
 Agony                    Necr           39%        N/A       10%         5
 Manifold Assault         Tloc           2%         N/A       56%         4
 Summon Hydra             Summ           1%         N/A       100%        7
 Sublimation of Blood     Necr           Unusable   N/A       N/A         2
 Wereblood                Tmut           Unusable   N/A       N/A         2
 Storm Form               Tmut/Air       Unusable   N/A       N/A         7

Inventory:

Missiles
 e - a throwing net {=f}
Armour
 a - a +0 robe (worn)
Jewellery
 v - a ring of see invisible (right hand)
 L - a ring of flight
 Z - a ring of wizardry (left hand)
Scrolls
 b - 4 scrolls of identify {unknown}
 c - a scroll of brand weapon {unknown}
 d - a scroll of fear {unknown}
 f - a scroll of blinking {unknown}
 g - 3 scrolls of teleportation {unknown}
 h - a scroll of enchant armour {unknown}
 i - a scroll of vulnerability {unknown}

Dungeon Overview and Level Annotations

Branches:
Dungeon (4/15)
 Temple: D:4-7

Altars:

Annotations:
D:3 1 runed translucent door, BigDaddyOpFi's ghost, weakling MeEE

##...)# #..#### #.....##
#.....##### ##......##
#....<..... #........#
#.......... ##........#
##..........
##..<......##
##...........
##...........##
##...#####..[.
##...>.........#####...##
##...
#....###.<)....h@#...###
##).
....###.......!(.....#
#..
...####....###......##
##.. ...###...###
##....## ##... ..###...##
####....# ##..##
###.##.## #.......#
##..## ..[#.###
#+#.....## ##..## ..#..#
#...#..## ##..## ..#.##
#####...####..##


You could see a black bear (berserk).


Message History

Okay, then.
The black bear rages.
You see here a +0 giant club.
The black bear attacks as you move away!
The black bear barely misses you. x2
The black bear claws you but does no damage.
The black bear bites you!
* * * LOW HITPOINT WARNING * * *
The black bear claws you but does no damage.
The black bear barely misses you. The black bear barely misses you.
The black bear closely misses you. The black bear barely misses you.
Casting: Necrotise (safe; 1% risk of failure)
Confirm with . or Enter, or press ? or * to list all spells.
Aiming: Necrotise (safe; 1% risk of failure)
Press: ? - help, Shift-Dir - straight line, f/p - black bear
Aim: a black bear (almost dead, berserk, chance to affect: 83%)
You feel a surge of power!
The black bear writhes in agony.
The black bear bites you.
* * * LOW HITPOINT WARNING * * *
The black bear claws you.
* * * LOW HITPOINT WARNING * * *
The black bear claws you.
* * * LOW HITPOINT WARNING * * *
The black bear bites you.
* * * LOW HITPOINT WARNING * * *
The black bear barely misses you. The black bear misses you.
Okay, then.
The black bear bites you!
You die...

Skill      XL: |  1  2  3  4  5 |
---------------+----------------+-----
Spellcasting   | 3 |  3.0
Necromancy     | 5 6 7 |  7.5
Dodging        | |  1.5
Stealth        | |  1.5

Action                     |  1- 3 |  4- 6 || total
---------------------------+-------+-------++-------
  Melee: Unarmed           |    17 |    10 ||    27
         Punch             |       |     1 ||     1
   Cast: Necrotise         |    71 |    52 ||   123
         Vampiric Draining |       |     5 ||     5
 Armour: Robe              |    14 |     6 ||    20
  Dodge: Dodged            |    39 |    29 ||    68

Levels and vault maps discovered:
D:1:      lightli_arrival_maybe_door_vault, layout_basic,
          shapermc_ecumenical_altar_acropolis, grunt_decor_fettered
D:2:      layout_loops_cross
D:3:      layout_loops_ring, ebering_ghost_inner_flame
D:4:      layout_layer_cave, kennysheep_mini, uniq_ijyb

Notes
Turn   | Place    | Note
-------+----------+-------------------------------------------
     0 | D:1      | Jackthecabe the Mummy Necromancer began the quest for the
                  | Orb.
     0 | D:1      | Reached XP level 1. HP: 13/13 MP: 4/4
   119 | D:1      | Reached skill level 3 in Spellcasting
   253 | D:1      | Reached XP level 2. HP: 19/19 MP: 3/6
   711 | D:1      | Gained mutation: You are in touch with the powers of death.
                  | [Mummy growth]
   711 | D:1      | Reached XP level 3. HP: 24/24 MP: 0/7
   800 | D:1      | Found a faded altar of an unknown god.
   920 | D:2      | Reached skill level 5 in Necromancy
  1210 | D:2      | Learned a level 3 spell: Vampiric Draining
  1655 | D:2      | Reached XP level 4. HP: 30/30 MP: 4/8
  1668 | D:2      | HP: 3/30 [gnoll/+0 whip (4)]
  1816 | D:2      | Learned a level 4 spell: Animate Dead
  1889 | D:3      | Noticed an ogre
  1911 | D:3      | Killed an ogre
  1912 | D:3      | Reached skill level 6 in Necromancy
  1912 | D:3      | Reached XP level 5. HP: 35/35 MP: 3/9
  2121 | D:3      | Found a runed translucent door.
  2121 | D:3      | Noticed a phantom
  2121 | D:3      | Noticed BigDaddyOpFi's ghost (weakling MeEE)
  2840 | D:4      | Noticed an ogre
  2851 | D:4      | Killed an ogre
  2852 | D:4      | Reached skill level 7 in Necromancy
  2852 | D:4      | Reached XP level 6. HP: 41/41 MP: 4/10
  3141 | D:4      | HP: 4/41 [adder (3)]
  3285 | D:4      | HP: 3/41 [black bear (5)]
  3288 | D:4      | Mangled by a black bear

Vanquished Creatures
  2 ogres
  2 gnolls (D:2)
  5 adders
  2 dart slugs
  6 orcs
  7 ball pythons
  5 endoplasms
  2 giant cockroaches (D:2)
  4 goblins
  9 hobgoblins
  2 jackals (D:1)
  4 kobolds
  A quokka (D:1)
  4 bats
  2 frilled lizards
  5 rats
62 creatures vanquished.

Vanquished Creatures (collateral kills)
  A gnoll (D:2)
  A dart slug (D:1)
  A frilled lizard (D:1)
  A rat (D:1)
4 creatures vanquished.

Vanquished Creatures (others)
  A plant (D:1)
1 creature vanquished.

Grand Total: 67 creatures vanquished

Table legend: (Time is in decaauts)
 A = Elapsed time spent in this place.
 B = Non-inter-level travel time spent in this place.
 C = Inter-level travel time spent in this place.
 D = Time resting spent in this place.
 E = Time spent auto-exploring this place.
 F = Levels seen in this place.
 G = Mean time per level.
                   A        B        C        D        E       F      G
               +--------+--------+--------+--------+--------+-----+--------+
         Total |   3286 |   3243 |     43 |    238 |   2542 |   4 |  821.5 |
       Dungeon |   3286 |   3243 |     43 |    238 |   2542 |   4 |  821.5 |
               +--------+--------+--------+--------+--------+-----+--------+

Top non-repeatable levels by time:
     D:3: 1060 daAuts
     D:2: 919 daAuts
     D:1: 904 daAuts
     D:4: 402 daAuts

Table legend:
 A = Non-vault XP
 B = Vault XP
 C = Vault XP percentage of total XP
 D = Non-vault monster count
 E = Vault monster count
 F = Vault count percentage of total count
                 A         B        C        D         E       F
            +---------+---------+-------+---------+---------+-------
      Total |     456 |       0 |   0.0 |      66 |       0 |   0.0
            +---------+---------+-------+---------+---------+-------
        D:1 |      44 |       0 |   0.0 |      25 |       0 |   0.0
        D:2 |      85 |       0 |   0.0 |      19 |       0 |   0.0
        D:3 |     153 |       0 |   0.0 |      10 |       0 |   0.0
        D:4 |     174 |       0 |   0.0 |      12 |       0 |   0.0
            +---------+---------+-------+---------+---------+-------
